 Dungeon Crawl Stone Soup version 0.31.0-2-g5a2aebc5c2 (webtiles) character file.

Game seed: 8948130879796233041

74 Bobbunny the Trooper (level 4, -1/38 HPs)
             Began as a Formicid Fighter on Jan 21, 2024.
             Slain by Grinder (7 damage)
             ... on level 3 of the Dungeon.
             The game lasted 00:01:22 (1990 turns).

Bobbunny the Trooper (Formicid Fighter)             Turns: 1990, Time: 00:01:22

Health: -1/38      AC:  8    Str: 22    XL:     4   Next: 52%
Magic:  4/4        EV:  9    Int:  8    God:
Gold:   53         SH:  5    Dex: 13    Spells: 3/3 levels left

rFire   . . .        a - +0 war axe
rCold   + . .        c - +0 buckler
rNeg    . . .        b - +0 scale mail
rPois   .            (helmet unavailable)
rElec   .            h - +0 cloak
rCorr   .            (no gloves)
SInv    +            (no boots)
Will    .....        (no amulet) Stlth
                     k - ring of protection from cold
HPRegen 0.26/turn    (no ring)
MPRegen 0.09/turn

%: no passive effects
@: no status effects
A: permanent stasis, dig shafts and tunnels, antennae 3, four strong arms
a: Dig, Shaft Self


You were on level 3 of the Dungeon.
You visited 1 branch of the dungeon, and saw 3 of its levels.

You collected 53 gold pieces.

Inventory:

Hand Weapons
 a - a +0 war axe (weapon)
Armour
 b - a +0 scale mail (worn)
 c - a +0 buckler (worn)
 h - a +0 cloak (worn)
Jewellery
 k - a ring of protection from cold (left hand)
Wands
 p - a wand of flame (6)
Scrolls
 e - a scroll of poison {unknown}
 g - a scroll of teleportation {unknown}
 j - a scroll of enchant armour {unknown}
 n - a scroll of summoning {unknown}
 o - a scroll of vulnerability {unknown}
 q - a scroll of identify {unknown}
Potions
 d - 2 potions of might
 f - a potion of heal wounds {unknown}
 i - a potion of curing {unknown}
 l - a potion of mutation {unknown}
 m - a potion of haste {unknown}


   Skills:
 + Level 4.5 Fighting
 + Level 3.3 Axes
 - Level 3.2 Armour
 - Level 4.0 Shields


You had 3 spell levels left.
You didn't know any spells.
Your spell library contained the following spells:

 Spells                   Type           Power      Damage    Failure   Level
 Animate Dead             Necr           0%         N/A       100%        4
 Haunt                    Necr/Summ      0%         N/A       100%        7
 Infestation              Necr           0%         N/A       100%        8


Dungeon Overview and Level Annotations

Branches:
Dungeon (3/15)

Altars:

Annotations:
D:3 Grinder


Innate Abilities, Weirdness & Mutations

You cannot be hasted, slowed, berserked, paralysed or teleported.
You can dig through walls and to a lower floor.
You have a pair of large antennae on your head. (SInv)
Your four strong arms can wield two-handed weapons with a shield.


Message History

Grinder gestures at you.
You barely resist. You hit Grinder but do no damage.
Grinder is severely wounded.
Grinder gestures at you. Pain shoots through your body! Grinder hits you.
You writhe in agony.
You are too injured to fight recklessly!
You are too injured to fight recklessly!
You are too injured to fight recklessly!
You hit Grinder.
Grinder is severely wounded.
Grinder hits you.
* * * LOW HITPOINT WARNING * * *
You writhe in agony.
* * * LOW HITPOINT WARNING * * *
You hit Grinder.
Grinder is severely wounded.
Grinder barely misses you.
Aiming: Throw Flame
Press: ? - help, Shift-Dir - straight line, f - Grinder
Aim: Grinder (severely wounded, 64% to hit)
The puff of flame hits Grinder!
Grinder is almost dead.
Grinder says, "Are you a fish?" Grinder gestures at you.
Your stasis prevents you from being paralysed.
Aiming: Throw Flame
Press: ? - help, Shift-Dir - straight line, f/p - Grinder
Aim: Grinder (almost dead, 64% to hit)
The puff of flame misses Grinder.
Grinder gestures at you.
Your stasis prevents you from being paralysed.
Aiming: Throw Flame
Press: ? - help, Shift-Dir - straight line, f/p - Grinder
Aim: Grinder (almost dead, 64% to hit)
The puff of flame hits Grinder.
Grinder is almost dead.
Grinder hits you!
You die...
Grinder sighs, "Dead already?
I want a refund."

........ ...... #.
..... ###..####...
###
..........##....
.........).....
#..####.)#####..
#...............
#...###@†#####.#
##...###5.#####.##
+..........)......
##...###..#####.##
#...# #..# #.#.#
#..# #.#.# #..#
#.#.# #..#
#######.#.###..#


You could see Grinder.

Vanquished Creatures
  2 adders (D:2)
  A dart slug (D:1)
  8 ball pythons
  5 endoplasms
  3 giant cockroaches
  3 goblins
  8 hobgoblins
  6 bats
  2 frilled lizards (D:1)
  5 kobolds
  5 rats
48 creatures vanquished.

Notes
Turn   | Place    | Note
-------+----------+-------------------------------------------
     0 | D:1      | Bobbunny the Formicid Fighter began the quest for the Orb.
     0 | D:1      | Reached XP level 1. HP: 18/18 MP: 1/1
   149 | D:1      | Reached XP level 2. HP: 16/24 MP: 2/2
   341 | D:1      | Reached XP level 3. HP: 30/30 MP: 3/3
  1141 | D:2      | Reached XP level 4. HP: 37/37 MP: 4/4
  1804 | D:2      | Found a faded altar of an unknown god.
  1960 | D:3      | Noticed Grinder
  1990 | D:3      | Slain by Grinder

Illustrated notes

Levels and vault maps discovered:
D:1:      hellmonk_arrival_library, layout_basic
D:2:      layout_basic, shapermc_ecumenical_altar_hornbeckon
D:3:      cheibrodos_old_hovel, layout_basic, serial_shops, shop, uniq_grinder,
          uniq_crazy_yiuf_cottage, uniq_natasha

Skill      XL: |  1  2  3 |
---------------+----------+-----
Fighting       | 4 |  4.5
Axes           | 3 |  3.3
Armour         | |  3.2
Shields        | |  4.0

Action                     |  1- 3 |  4- 6 || total
---------------------------+-------+-------++-------
  Melee: War axe           |    77 |    43 ||   120
  Evoke: Wand              |       |     3 ||     3
 Armour: Scale mail        |    46 |    28 ||    74
  Dodge: Dodged            |    31 |    22 ||    53
  Block: Buckler           |    20 |     7 ||    27
